 Dungeon Crawl Stone Soup version 0.31.0-9-g3a7656b989 (webtiles) character file.

Game seed: 3323011951659336680

128 qw the Ducker (level 4, -4/22 HPs)
             Began as a Spriggan Hunter on Feb 2, 2024.
             Slain by a gnoll
             ... wielding a +0 halberd
             ... led by a gnoll bouda
              (12 damage)
             ... on level 3 of the Dungeon.
             The game lasted 00:00:07 (1808 turns).

qw the Ducker (Spriggan Hunter)                     Turns: 1808, Time: 00:00:07

Health: -4/22      AC:  2    Str:  7    XL:     4   Next: 87%
Magic:  5/5        EV: 20    Int: 10    God:
Gold:   111        SH:  0    Dex: 20    Spells: 3/3 levels left

rFire   . . .        a - +1 shortbow
rCold   . . .        (shield currently unavailable)
rNeg    . . .        c - +0 robe
rPois   .            (helmet restricted)
rElec   .            (no cloak)
rCorr   .            (gloves unavailable)
SInv    +            (boots unavailable)
Will    .....        (no amulet)
Stlth   ++           (no ring)
HPRegen 0.23/turn    (no ring)
MPRegen 0.09/turn

%: no passive effects
@: very quick
A: very small, no large weapons, unfitting armour, see invisible, speed 3
a: no special abilities


You were on level 3 of the Dungeon.
You visited 1 branch of the dungeon, and saw 3 of its levels.

You collected 171 gold pieces.
You spent 60 gold pieces at shops.


Innate Abilities, Weirdness & Mutations

You are very small and have problems with some larger weapons.
You are too small for most types of armour.
You have supernaturally acute eyesight. (SInv)
You cover ground extremely quickly. (Speed+++)


   Skills:
 + Level 1.6 Fighting
 - Level 5.0 Ranged Weapons
 - Level 5.5 Dodging
 - Level 1.5 Stealth


You had 3 spell levels left.
You didn't know any spells.
Your spell library was empty.

Inventory:

Hand Weapons
 a - a +1 shortbow (weapon)
Armour
 c - a +0 robe (worn)
Jewellery
 h - a ring of positive energy
 l - a ring of willpower
Scrolls
 b - 4 scrolls of teleportation
 i - a scroll of poison {unknown}
 k - a scroll of identify {unknown}
Potions
 d - 2 potions of heal wounds
 e - a potion of invisibility {unknown}
 f - a potion of enlightenment
 g - a potion of lignification {unknown}
 j - a potion of degeneration {unknown}
 m - a potion of magic {unknown}

Dungeon Overview and Level Annotations

Branches:
Dungeon (3/15)

Altars:
Ashenzari
Xom

Shops:
D:2 :!?(


Message History

There is an open door here.
You now have 111 gold pieces (gained 12).
You open the door.
There is an open door here.
You open the door.
There is an open door here.
You see here 7 stones.
Found a short sword.
Enter note: You see here a +0 short sword.
There is an open door here.
You open the door.
There is an open door here.
There is an open door here.
There is an open door here.
You open the door.
There is an open door here.
There is an open door here.
There is an open door here.
There is a stone staircase leading down here.
You shoot an arrow. The gnoll shouts!
The arrow hits the gnoll but does no damage.
The gnoll is lightly wounded.
You shoot an arrow.
The arrow hits the gnoll but does no damage.
The gnoll is lightly wounded.
The gnoll completely misses you.
You shoot an arrow. The arrow hits the gnoll.
The gnoll is moderately wounded.
The gnoll completely misses you.
You shoot an arrow. The arrow closely misses the gnoll.
The gnoll hits you from afar with a +0 halberd!
Ouch! That really hurt!
You shoot an arrow.
The arrow hits the gnoll but does no damage.
The gnoll is moderately wounded.
The gnoll hits you from afar with a +0 halberd!
Ouch! That really hurt!
You die...

### ..# #.#
############ #.#
#..........# #.#
##.########.# #.#
#...........#
#.###..#######.g#
.......#
#..###########
###.##.#
#..@.........#
....##.#
#.##########.##
....##(# #(#
##...## ##..##.#
#.# ##.....###
#..##.# #.#
#........#
#..##.# ###.#
#......#.#
#.....# #...#
#.#(..##.#
#..##.# #.###
#.##.###.#
##..##.# #.#
#.##.# #.#


You could see a gnoll.

Vanquished Creatures
  A gnoll bouda (D:3)
  2 gnolls (D:3)
  2 adders (D:2)
  A dart slug (D:2)
  2 ribbon worms (D:3)
  An orc (D:3)
  2 endoplasms
  11 giant cockroaches (D:3)
  5 goblins
  6 hobgoblins
  2 kobolds
  A quokka (D:1)
  3 ball pythons (D:1)
  5 bats
  3 frilled lizards
  6 rats
53 creatures vanquished.

Notes
Turn   | Place    | Note
-------+----------+-------------------------------------------
     0 | D:1      | qw the Spriggan Hunter began the quest for the Orb.
     0 | D:1      | Reached XP level 1. HP: 10/10 MP: 2/2
     0 | D:1      | 0 ||| qw: Version: 0.3-a-155-g5e7d8dd
     0 | D:1      | 0 ||| qw: Game counter: 2244
     0 | D:1      | 0 ||| qw: Melee chars always use a shield: true
     0 | D:1      | 0 ||| qw: God list: Okawaru
     0 | D:1      | 0 ||| qw: Allow faded altars: false
     0 | D:1      | 0 ||| qw: Do Orc after clearing Dungeon:15 true
     0 | D:1      | 0 ||| qw: Do second Lair branch before Depths: true
     0 | D:1      | 0 ||| qw: Lair rune preference: random
     0 | D:1      | 0 ||| qw: Goals: Normal
     0 | D:1      | 0 ||| PLANNING D:1-11
   124 | D:1      | Reached skill level 3 in Dodging
   158 | D:1      | Reached XP level 2. HP: 14/14 MP: 3/3
   559 | D:1      | 559 ||| READING scroll labelled DAPSOE JUAPUJ.
   559 | D:1      | 559 ||| ENCHANTING +0 shortbow.
   560 | D:1      | 560 ||| READING scroll labelled KOMYQ FARROC.
   560 | D:1      | 560 ||| ENCHANTING +0 shortbow.
   561 | D:1      | 561 ||| READING scroll labelled BAKAED NONEA.
   588 | D:1      | 588 ||| READING scroll labelled DEUHYSY ZURUXOFIU.
   589 | D:1      | 589 ||| DROPPING scroll of butterflies.
   651 | D:2      | Found a shimmering altar of Xom.
   676 | D:2      | Found Huen's Magic Scroll Emporium.
   698 | D:2      | 698 ||| BUYING 2 scrolls of teleportation (60 gold).
   698 | D:2      | Bought 2 scrolls of teleportation for 60 gold pieces
   698 | D:2      | 698 ||| SHOPLISTING scroll of enchant armour (75 gold, have
                  | 6).
   698 | D:2      | 698 ||| SHOPLISTING scroll of identify (20 gold, have 6).
   698 | D:2      | 698 ||| SHOPLISTING scroll of teleportation (30 gold, have
                  | 6).
   748 | D:2      | Found Umilotuh's Book Boutique.
   786 | D:2      | Found Ajoir's Distillery.
   795 | D:2      | 795 ||| SHOPLISTING potion of curing (36 gold, have 18).
   795 | D:2      | 795 ||| SHOPLISTING potion of enlightenment (60 gold, have
                  | 18).
   795 | D:2      | 795 ||| SHOPLISTING potion of haste (120 gold, have 18).
   795 | D:2      | 795 ||| SHOPLISTING potion of heal wounds (60 gold, have
                  | 18).
   925 | D:2      | Reached XP level 3. HP: 18/18 MP: 4/4
   936 | D:2      | Found Pifom's Antique Weapon Shop.
  1086 | D:2      | 1086 ||| READING scroll labelled ITIOKE TIMN.
  1087 | D:2      | 1087 ||| DRINKING 4 red potions.
  1088 | D:2      | 1088 ||| DRINKING 2 bubbling coppery potions.
  1383 | D:3      | Reached XP level 4. HP: 14/22 MP: 5/5
  1510 | D:3      | HP: 2/22 [gnoll/+0 spear[a gnoll bouda] (9)]
  1511 | D:3      | 1511 ||| READING 5 scrolls of teleportation.
  1512 | D:3      | 1512 ||| DRINKING 3 potions of heal wounds.
  1595 | D:3      | Found a broken altar of Ashenzari.
  1808 | D:3      | Slain by a gnoll

Levels and vault maps discovered:
D:1:      tekkud_arrival_beachfront_property, layout_basic, minmay_octomino_e4
D:2:      layout_basic, basic_altar, serial_shops, shop,
          nicolae_shop_advertising_works [nicolae_subvault_shop_adworks],
          nicolae_book_shop_shelving, shop
D:3:      minmay_roachtagon, layout_loops_ring, mainiacjoe_overflow_24_doors,
          nrook_campfire

Skill      XL: |  1  2  3  4 |
---------------+-------------+-----
Dodging        | 3 4 5 |  5.5
Ranged Weapons | 5 |  5.0
Fighting       | |  1.6
Stealth        | |  1.5

Action                     |  1- 3 |  4- 6 || total
---------------------------+-------+-------++-------
   Fire: Shortbow          |   105 |    33 ||   138
    Use: Scroll            |     5 |     1 ||     6
         Potion            |     2 |     1 ||     3
 Armour: Robe              |     7 |     5 ||    12
  Dodge: Dodged            |    25 |     9 ||    34

Table legend:
 A = Non-vault XP
 B = Vault XP
 C = Vault XP percentage of total XP
 D = Non-vault monster count
 E = Vault monster count
 F = Vault count percentage of total count
                 A         B        C        D         E       F
            +---------+---------+-------+---------+---------+-------
      Total |     158 |      26 |  14.1 |      39 |      14 |  26.4
            +---------+---------+-------+---------+---------+-------
        D:1 |      13 |       6 |  31.6 |       9 |       4 |  30.8
        D:2 |      44 |       0 |   0.0 |      11 |       0 |   0.0
        D:3 |     101 |      20 |  16.5 |      19 |      10 |  34.5
            +---------+---------+-------+---------+---------+-------
